 Dungeon Crawl Stone Soup version 0.29-a0-997-gf6f7e2dfe7 (webtiles) character file.

Game seed: 11988297037562820630

673 Newt the Poker (level 7, -4/46 HPs)
             Began as a Demonspawn Gladiator on Aug 4, 2022.
             Slain by a black bear (5 damage)
             ... on level 6 of the Dungeon.
             The game lasted 00:08:39 (4437 turns).

Newt the Poker (Demonspawn Gladiator)               Turns: 4437, Time: 00:08:40

Health: -4/46      AC: 10    Str: 17    XL:     7   Next: 33%
Magic:  7/7        EV:  8    Int:  9    God:
Gold:   389        SH:  0    Dex: 14    Spells: 6/6 levels left

rFire   . . .      SeeInvis .   s - +4 scythe (venom)
rCold   . . .      Faith    .   (shield currently unavailable)
rNeg    . . .      Spirit   .   q - +1 chain mail
rPois   .          Reflect  .   (helmet restricted)
rElec   .          Harm     .   g - +0 cloak
rCorr   .          Rampage  .   (no gloves)
Will    +....      Rage     3%  (no boots)
Stlth   ..........              (no amulet)
HPRegen 0.15/turn               l - ring of willpower
MPRegen 0.10/turn               (no ring)

@: no status effects
A: antennae 1, weakness stinger 2, demonic touch 1, berserk 1, frail 1,
MP-powered wands
a: no special abilities


You were on level 6 of the Dungeon.
You visited 1 branch of the dungeon, and saw 6 of its levels.

You collected 389 gold pieces.

Inventory:

Hand Weapons
 a - a +1 trident
 s - a +4 scythe of venom (weapon)
 w - a +2 trident of freezing
Missiles
 d - 22 stones
 e - a javelin (quivered)
 h - 11 poisoned darts
 o - 6 boomerangs
 t - 2 throwing nets
Armour
 b - a +0 leather armour
 c - a +0 helmet
 g - a +0 cloak (worn)
 q - a +1 chain mail (worn)
Jewellery
 l - a ring of willpower (left hand)
 u - a ring of magical power
 x - an amulet of reflection
Scrolls
 k - 2 scrolls of immolation
 p - a scroll of teleportation
 y - a scroll of enchant weapon
 A - 2 scrolls of amnesia
Potions
 f - a potion of degeneration
 i - a potion of invisibility
 j - a potion of attraction
 m - 2 potions of brilliance
 n - a potion of heal wounds
 r - a potion of might {unknown}


   Skills:
 + Level 3.3 Fighting
 * Level 5.6 Polearms
 * Level 3.6 Throwing
 + Level 2.4 Armour
 + Level 3.2 Dodging
 * Level 0.1 Evocations


You had 6 spell levels left.
You didn't know any spells.
Your spell library contained the following spells:

 Spells                   Type           Power      Damage    Failure   Level
 Magic Dart               Conj           0%         1d3       99%         1
 Searing Ray              Conj           0%         2d4       100%        2
 Inner Flame              Hex/Fire       0%         N/A       100%        3
 Cause Fear               Hex            0%         N/A       100%        4
 Fulminant Prism          Conj/Hex       0%         3d6       100%        4
 Blade Hands              Tmut           0%         N/A       100%        5
 Irradiate                Conj/Tmut      0%         3d11      100%        5
 Dragon Form              Tmut           0%         N/A       100%        7
 Discord                  Hex            0%         N/A       100%        8


Dungeon Overview and Level Annotations

Branches:
Dungeon (6/15)
 Temple: D:4-7

Altars:
Ashenzari
Xom

Annotations:
D:5 Eustachio


Innate Abilities, Weirdness & Mutations

You have a pair of small antennae on your head.
You have a tail ending in a sharp stinger.
Your touch may inflict minor irresistible damage on your foes.
You sometimes lose your temper in combat.
You are frail. (-10% HP)
You expend magic power (3 MP) to strengthen your wands.


Message History

The black bear growls angrily.
You reach to attack!
You barely miss the black bear. You hit the black bear.
The black bear is poisoned.
The black bear is lightly wounded.
The black bear bites you but does no damage.
The black bear claws you. x2
You hit the black bear.
The black bear looks as sick as possible!
The black bear is moderately wounded.
The black bear bites you but does no damage.
The black bear claws you but does no damage.
The black bear claws you.
A hound comes into view.
You puncture the black bear!
The black bear looks as sick as possible!
The black bear is heavily wounded.
The black bear bites you but does no damage.
The black bear claws you but does no damage.
The black bear barely misses you.
You barely miss the black bear.
The black bear is heavily wounded.
The black bear bites you but does no damage.
The black bear misses you. The black bear claws you.
The black bear barely misses you. The black bear claws you.
The black bear claws you but does no damage.
You hit the black bear.
The black bear looks as sick as possible!
The black bear is severely wounded.
The hound bites you.
The black bear goes berserk!
You barely miss the black bear.
The black bear is severely wounded.
The hound bites you but does no damage. The black bear bites you!
The black bear claws you but does no damage.
The black bear claws you. The hound bites you.
* * * LOW HITPOINT WARNING * * *
The black bear bites you!
* * * LOW HITPOINT WARNING * * *
The black bear claws you but does no damage.
The black bear claws you.
You die...

.. ######### #.#
........# #.# #######.#
#.# # #.# #.# #
####.#######.# #
#............#
####.##.######..####.#
..##.##.# #..@h...#
#.<#)##.# ##..h.....#
#.....^.#######..###.#.#
#..#..###......... ..
...#..##.....##..## #
..............#...
##.#..........#.###
#...##.........#
#..####<<...#


You could see a black bear (berserk, extremely poisoned) and a hound.

Vanquished Creatures
  Sigmund (D:4)
  A phantom (D:4)
  A necrophage (D:4)
  2 jellies (D:4)
  2 orc priests (D:4)
  An iguana (D:4)
  Terence (D:2)
  An orc wizard (D:4)
  3 gnolls (D:2)
  7 adders
  3 worms
  2 dart slugs
  8 orcs
  5 bats
  4 endoplasms
  4 giant cockroaches
  7 goblins
  8 hobgoblins
  3 jackals (D:3)
  5 kobolds
  8 ball pythons
  5 frilled lizards
  4 rats
86 creatures vanquished.

Notes
Turn   | Place    | Note
-------+----------+-------------------------------------------
     0 | D:1      | Newt the Demonspawn Gladiator began the quest for the Orb.
     0 | D:1      | Reached XP level 1. HP: 16/16 MP: 1/1
   245 | D:1      | Discovered your monstrous ancestry.
   245 | D:1      | Gained mutation: You have a small tail. [demonic ancestry]
   245 | D:1      | Reached XP level 2. HP: 15/22 MP: 2/2
   585 | D:1      | Found a faded altar of an unknown god.
   653 | D:1      | Reached skill level 3 in Polearms
  1095 | D:2      | Gained mutation: Your touch may inflict minor irresistible
                  | damage on your foes. [demonic ancestry]
  1095 | D:2      | Reached XP level 3. HP: 10/27 MP: 3/3
  1314 | D:2      | Found a shimmering altar of Xom.
  1422 | D:2      | Reached skill level 1 in Armour
  1424 | D:2      | Gained mutation: You are partially covered in iridescent
                  | scales. (AC +2) [potion of mutation]
  1429 | D:2      | Reached XP level 4. HP: 33/33 MP: 4/4
  1429 | D:2      | Lost mutation: You are partially covered in iridescent
                  | scales. (AC +2) [potion of mutation]
  1429 | D:2      | Gained mutation: You have a somewhat thin skeletal
                  | structure. (Dex +2, Stealth+) [potion of mutation]
  1429 | D:2      | Lost mutation: You have a somewhat thin skeletal structure.
                  | (Dex +2, Stealth+) [potion of mutation]
  1429 | D:2      | Gained mutation: You are frail. (-10% HP) [potion of
                  | mutation]
  1754 | D:2      | Noticed Terence
  1766 | D:2      | Killed Terence
  2188 | D:3      | Lost mutation: You are frail. (-10% HP) [potion of
                  | mutation]
  2188 | D:3      | Gained mutation: You have hidden genetic defects. [potion
                  | of mutation]
  2188 | D:3      | Gained mutation: You expend magic power (3 MP) to
                  | strengthen your wands. [potion of mutation]
  2271 | D:3      | Found a broken altar of Ashenzari.
  2362 | D:3      | Reached XP level 5. HP: 33/39 MP: 5/5
  2363 | D:3      | Gained mutation: You sometimes lose your temper in combat.
                  | [hidden defects]
  2908 | D:4      | Reached skill level 4 in Polearms
  2917 | D:4      | Gained mutation: You are frail. (-10% HP) [hidden defects]
  2917 | D:4      | Lost mutation: You have hidden genetic defects. [hidden
                  | defects expressed]
  3098 | D:4      | Gained mutation: You have a pair of small antennae on your
                  | head. [demonic ancestry]
  3098 | D:4      | Reached XP level 6. HP: 25/41 MP: 6/6
  3237 | D:4      | Noticed Sigmund
  3389 | D:4      | Killed Sigmund
  3390 | D:4      | Reached skill level 5 in Polearms
  3565 | D:4      | Gained mutation: You have a tail ending in a sharp stinger.
                  | [demonic ancestry]
  3565 | D:4      | Reached XP level 7. HP: 46/46 MP: 7/7
  3953 | D:5      | Entered Level 5 of the Dungeon
  4062 | D:5      | HP: 2/46 [orc/+0 flail (1)]
  4357 | D:5      | Noticed Eustachio
  4437 | D:6      | HP: 1/46 [black bear (9)]
  4437 | D:6      | Slain by a black bear

Illustrated notes

Levels and vault maps discovered:
D:1:      minmay_arrival_four_loops, layout_rooms,
          hellmonk_ecumenical_altar_blasted
D:2:      layout_rooms, basic_altar, grunt_decor_arrowhead, uniq_terence
D:3:      layout_basic, amcnicky_altar_gilded
D:4:      layout_basic, uniq_sigmund
D:5:      layout_rooms, kennysheep_vampire_church, portal_sewer_entry_a,
          uniq_eustachio
D:6:      layout_loops_ring, st_stairs_5

Skill      XL: |  1  2  3  4  5  6 |
---------------+-------------------+-----
Throwing       | 2 3 |  3.6
Polearms       | 3 4 5 |  5.6
Dodging        | 3 |  3.2
Armour         | 1 2 |  2.4
Fighting       | 3 |  3.3
Evocations     | |  0.1

Action                   |  1- 3 |  4- 6 |  7- 9 || total
-------------------------+-------+-------+-------++-------
Melee: Trident           |    82 |   114 |       ||   196
       Tailslap          |     8 |    10 |     1 ||    19
       Touch             |     2 |    15 |       ||    17
       Punch             |       |     1 |       ||     1
       Halberd           |       |     3 |    47 ||    50
Throw: Stone             |     6 |       |       ||     6
       Throwing net      |     3 |     6 |       ||     9
       Javelin           |     1 |       |       ||     1
       Dart              |     4 |    14 |       ||    18
  Use: Scroll            |     2 |     7 |     3 ||    12
       Potion            |     1 |     2 |     1 ||     4
Armor: Leather armour    |    38 |       |       ||    38
       Chain mail        |     5 |    44 |    25 ||    74
       Skin              |     1 |       |       ||     1
Dodge: Dodged            |    71 |    47 |    20 ||   138

Table legend: (Time is in decaauts)
 A = Elapsed time spent in this place.
 B = Non-inter-level travel time spent in this place.
 C = Inter-level travel time spent in this place.
 D = Time resting spent in this place.
 E = Time spent auto-exploring this place.
 F = Levels seen in this place.
 G = Mean time per level.
                   A        B        C        D        E       F      G
               +--------+--------+--------+--------+--------+-----+--------+
         Total |   4498 |   4353 |    145 |    882 |   2769 |   6 |  749.7 |
       Dungeon |   4498 |   4353 |    145 |    882 |   2769 |   6 |  749.7 |
               +--------+--------+--------+--------+--------+-----+--------+

Top non-repeatable levels by time:
     D:4: 1084 daAuts
     D:1: 1071 daAuts
     D:3: 1039 daAuts
     D:2: 801 daAuts
     D:5: 426 daAuts
     D:6: 75 daAuts
